 Dungeon Crawl Stone Soup version 0.30-a0-618-gd6c86c23d0 (webtiles) character file.

Game seed: 10823020692195309923

88 Leeroy the Sneak (level 4, -6/24 HPs)
             Began as a Kobold Enchanter on Jan 9, 2023.
             Mangled by a gnoll
             ... wielding a +0 club
              (8 damage)
             ... on level 3 of the Dungeon.
             The game lasted 00:02:29 (2277 turns).

Leeroy the Sneak (Kobold Enchanter)                 Turns: 2277, Time: 00:02:30

Health: -6/24      AC:  2    Str:  5    XL:     4   Next: 82%
Magic:  1/7        EV: 15    Int: 16    God:
Gold:   137        SH:  0    Dex: 17    Spells: 5/7 levels left

rFire   . . .      SeeInvis .    a - +1 dagger
rCold   . . .      Faith    .    (no shield)
rNeg    . . .      Spirit   .    b - +0 robe
rPois   .          Reflect  .    (no helmet)
rElec   .          Harm     .    (no cloak)
rCorr   .          Rampage  .    (no gloves)
Will    .....                    (no boots)
Stlth   +++++                    (no amulet)
HPRegen 0.24/turn                (no ring)
MPRegen 0.10/turn                (no ring)

@: very slightly contaminated
A: small, no large weapons, nightstalker 3
a: no special abilities


You were on level 3 of the Dungeon.
You visited 1 branch of the dungeon, and saw 3 of its levels.

You collected 137 gold pieces.

Inventory:

Hand Weapons
 a - a +1 dagger (weapon)
Armour
 b - a +0 robe (worn)
 l - a +0 leather armour of poison resistance
Scrolls
 e - a scroll of noise {unknown}
 f - a scroll of vulnerability {unknown}
 i - 2 scrolls of identify {unknown}
 j - a scroll of teleportation {unknown}
Potions
 c - 2 potions of invisibility
 d - a potion of curing {unknown}
 g - a potion of flight {unknown}
 h - a potion of lignification {unknown}
 k - a potion of might {unknown}


   Skills:
 - Level 1.3 Short Blades
 - Level 2.4 Dodging
 * Level 6.9 Stealth
 - Level 2.1 Spellcasting
 + Level 3.3 Hexes
 + Level 0.3 Ice Magic


You had 5 spell levels left.
You knew the following spells:

 Your Spells              Type           Power      Damage    Failure   Level
a - Ensorcelled Hibernat  Hex/Ice        14%        N/A       14%         2

Your spell library contained the following spells:

 Spells                   Type           Power      Damage    Failure   Level
 Confusing Touch          Hex            12%        N/A       16%         3
 Tukima's Dance           Hex            12%        N/A       16%         3
 Dazzling Flash           Conj/Hex       14%        N/A       30%         3


Dungeon Overview and Level Annotations

Branches:
Dungeon (3/15)

Altars:


Innate Abilities, Weirdness & Mutations

You are small and have problems with some larger weapons.
You are completely attuned to the shadows.


Message History

The gnoll is heavily wounded.
The gnoll hits you with a +0 club.
You are too injured to fight recklessly!
You are too injured to fight recklessly!
You are too injured to fight recklessly!
You are too injured to fight recklessly!
You are too injured to fight recklessly!
You are too injured to fight recklessly!
Casting: Ensorcelled Hibernation (safe; 14% risk of failure)
Confirm with . or Enter, or press ? or * to list all spells.
Aiming: Ensorcelled Hibernation (safe; 14% risk of failure)
Press: ? - help, Shift-Dir - straight line, f - gnoll
Aim: a gnoll, wielding a +0 club (heavily wounded, chance to affect: 50%)
The gnoll resists with some effort.
The gnoll hits you with a +0 club.
* * * LOW HITPOINT WARNING * * *
You hit the gnoll.
The gnoll is severely wounded.
The gnoll closely misses you.
Casting: Ensorcelled Hibernation (safe; 14% risk of failure)
Confirm with . or Enter, or press ? or * to list all spells.
Aiming: Ensorcelled Hibernation (safe; 14% risk of failure)
Press: ? - help, Shift-Dir - straight line, f/p - gnoll
Aim: a gnoll, wielding a +0 club (severely wounded, chance to affect: 50%)
You miscast Ensorcelled Hibernation.
You are very lightly contaminated with residual magic.
Nothing appears to happen.
The gnoll hits you with a +0 club.
* * * LOW HITPOINT WARNING * * *
Casting: Ensorcelled Hibernation (safe; 14% risk of failure)
Confirm with . or Enter, or press ? or * to list all spells.
Aiming: Ensorcelled Hibernation (safe; 14% risk of failure)
Press: ? - help, Shift-Dir - straight line, f/p - gnoll
Aim: a gnoll, wielding a +0 club (severely wounded, chance to affect: 50%)
The gnoll resists with some effort.
The gnoll completely misses you.
You hit the gnoll but do no damage.
The gnoll is severely wounded.
The gnoll barely misses you.
You barely miss the gnoll.
The gnoll is severely wounded.
The gnoll hits you with a +0 club!
You die...

#...# #.#
##...###...
.........#
....†....#
.....@g..###.
##...#[#.....
......#<##.#.
###.##.## #
#. #.# #. ##


You could see a gnoll.

Vanquished Creatures
  Terence (D:2)
  A worm (D:2)
  4 orcs
  6 ball pythons
  2 endoplasms
  A giant cockroach (D:1)
  14 goblins
  9 hobgoblins
  2 bats (D:2)
  4 frilled lizards
  2 kobolds
  6 rats
52 creatures vanquished.

Notes
Turn   | Place    | Note
-------+----------+-------------------------------------------
     0 | D:1      | Leeroy the Kobold Enchanter began the quest for the Orb.
     0 | D:1      | Reached XP level 1. HP: 10/10 MP: 3/3
   345 | D:1      | Reached XP level 2. HP: 15/15 MP: 5/5
   447 | D:1      | Learned a level 2 spell: Ensorcelled Hibernation
   877 | D:2      | Reached skill level 5 in Stealth
   981 | D:2      | Reached XP level 3. HP: 16/19 MP: 6/6
  1496 | D:2      | Noticed Terence
  1500 | D:2      | Killed Terence
  1501 | D:2      | Reached skill level 6 in Stealth
  1501 | D:2      | Reached XP level 4. HP: 24/24 MP: 7/7
  2277 | D:3      | Mangled by a gnoll

Illustrated notes

Levels and vault maps discovered:
D:1:      reono_arrival_mine, layout_basic
D:2:      cheibrodos_greedy_goblins, layout_loops_ring, uniq_terence
D:3:      layout_loops_ring, nicolae_gozag_cash_rules_everything_around_me,
          grunt_temple_overflow_open, dk_vineyard_3, uniq_natasha

Skill      XL: |  1  2  3 |
---------------+----------+-----
Stealth        | 5 6 |  6.9
Short Blades   | |  1.3
Dodging        | |  2.4
Spellcasting   | |  2.1
Hexes          | |  3.3
Ice Magic      | |  0.3

Action                   |  1- 3 |  4- 6 || total
-------------------------+-------+-------++-------
Melee: Dagger            |   101 |    46 ||   147
       Punch             |     1 |       ||     1
 Cast: Ensorcelled Hiber |     8 |     9 ||    17
 Stab: Sleeping          |    18 |    11 ||    29
       Distracted        |     1 |       ||     1
Armor: Robe              |     7 |     7 ||    14
Dodge: Dodged            |    66 |    35 ||   101

Table legend: (Time is in decaauts)
 A = Elapsed time spent in this place.
 B = Non-inter-level travel time spent in this place.
 C = Inter-level travel time spent in this place.
 D = Time resting spent in this place.
 E = Time spent auto-exploring this place.
 F = Levels seen in this place.
 G = Mean time per level.
                   A        B        C        D        E       F      G
               +--------+--------+--------+--------+--------+-----+--------+
         Total |   2267 |   2188 |     79 |    300 |   1501 |   3 |  755.7 |
       Dungeon |   2267 |   2188 |     79 |    300 |   1501 |   3 |  755.7 |
               +--------+--------+--------+--------+--------+-----+--------+

Top non-repeatable levels by time:
     D:2: 1401 daAuts
     D:1: 833 daAuts
     D:3: 32 daAuts
